 Dungeon Sprint DCSS version 0.30-a0-937-ga0a21ad780 (webtiles) character file.

Game seed: 7310153952015259473

0 BigDaddyOpFi the Covered (level 1, 0/19 HPs)
             Began as an Armataur Fighter on Mar 24, 2023.
             Was an Initiate of Wu Jian.
             Killed from afar by Sigmund (10 damage)
             ... with a puff of flame
             ... in the Dungeon (Sprint VI: "Thunderdome").
             The game lasted 00:00:18 (54 turns).

BigDaddyOpFi the Covered (Armataur Fighter)           Turns: 54, Time: 00:00:18

Health: 0/19       AC:  7    Str: 21    XL:     1   Next: 16%
Magic:  1/1        EV:  7    Int:  8    God:    Wu Jian [......]
Gold:   200        SH:  4    Dex:  9    Spells: 0/0 levels left

rFire   . . .      SeeInvis .    a - +0 war axe
rCold   . . .      Faith    .    c - +0 buckler
rNeg    . . .      Spirit   .    b - +0 scale mail
rPois   .          Reflect  .    (no helmet)
rElec   .          Roll     +    (no cloak)
rCorr   .          NoTele   +    (no gloves)
Will    .....                    (no barding) Stlth
                                 (no amulet)
HPRegen 0.23/turn                (no ring)
MPRegen 0.07/turn                (no ring)

@: mighty
A: large, rugged brown scales 3, deformed body, armoured tail, roll, long
tongue, awkward tongue
a: Renounce Religion


You were in the Dungeon.
You worshipped Wu Jian.
Wu Jian was noncommittal.
You visited 1 branch You collected 200 gold pieces.

Inventory:

Hand Weapons
 a - a +0 war axe (weapon)
Armour
 b - a +0 scale mail (worn)
 c - a +0 buckler (worn)
Wands
 l - a wand of acid (5)
 m - a wand of roots (5)
Scrolls
 j - 4 scrolls of blinking
 n - 3 scrolls of fog
Potions
 e - a potion of curing
 f - 4 potions of heal wounds
 g - 4 potions of haste
 h - 2 potions of magic
 i - a potion of berserk rage
 k - a potion of resistance


   Skills:
 + Level 2.9 Fighting
 + Level 1.8 Axes
 + Level 3.8 Armour
 + Level 3.5 Shields


You couldn't memorise any spells.
You didn't know any spells.
Your spell library was empty.

Dungeon Overview and Level Annotations

Branches:
Dungeon (1/1)

Altars:
Cheibriados
Dithmenos
Fedhas
Gozag
Kikubaaqudgha
Makhleb
Okawaru
Qazlal
Ru
Sif Muna
Trog
Uskayaw
Vehumet
Wu Jian
Xom
Yredelemnul
Zin
The Shining One
Lugonu

Shops:
D *[??*?*:[((!!!!

Annotations:
D Sigmund


Innate Abilities, Weirdness & Mutations

You are completely covered in rugged brown scales. (AC +3, +7% HP)
Armour fits poorly on your strangely shaped body.
You have a long armoured tail.
You roll when moving toward enemies. (Rampage)
Your long tongue fully drains potion bottles. (2x potion effects)
Your tongue gives you trouble enunciating. (1.5x scroll delay)


Message History

There is an ornate altar of the Wu Jian Council here.
You kneel at the altar of Wu Jian.
The Council welcomes you!
You can now perform damaging attacks by moving towards foes.
An endoplasm comes into view.
The endoplasm quivers.
Found a snail-covered altar of Cheibriados.
The endoplasm freezes you.
You are frozen.
You hit the endoplasm.
You kill the endoplasm!
The Council accepts your kill.
Found a glowing golden altar of the Shining One.
Found Xonnof's Weapon Rack and Efuroluc's Premium Goods.
Found three altars.
Found Podeijei's Basic Armour and Sepor's Miscellaneous Merchandise.
Found a shimmering blue altar of Sif Muna.
Found an ancient bone altar of Kikubaaqudgha.
Found a shadowy altar of Dithmenos.
Sigmund the Dreaded comes into view.
He is wielding a +0 scythe.
Found Goed's Identification Station.
Sigmund shouts!
Found Bushul's Advanced Armour and Aroecyonta's Jewellery.
Found an iron altar of Okawaru and a roughly hewn altar of Beogh.
Sigmund barely misses you.
You feel very mighty all of a sudden.
You slurp down every last drop of the potion of might!
You roll towards Sigmund!
You closely miss Sigmund.
Your tail-slap misses Sigmund.
Sigmund closely misses you.
You barely miss Sigmund.
Your tail-slap misses Sigmund.
Sigmund hits you but does no damage.
You closely miss Sigmund. Sigmund hits you with a +0 scythe!
Unknown command.
Unknown command.
You slash Sigmund! You tail-slap Sigmund!
Sigmund is severely wounded.
Sigmund casts a spell at you. The puff of flame hits you!
Ouch! That really hurt!
You die...

#⌠...........⌠#
######.8.........8.###
##..__......###......__
##∩........8. #.8......
.............###........
..........# #...###.....
..........# #.<.# #.....
..........###...###.....
......@@.....###........
##∩........8.# #.8......
##∩___......###......_.
######.8.........8.###
#⌠...........⌠#
###.........###
#_......._# #_........#
#_......._#


You could see Sigmund.

Vanquished Creatures
  An endoplasm (D)
1 creature vanquished.

Notes
Turn   | Place    | Note
-------+----------+-------------------------------------------
     0 | D        | BigDaddyOpFi the Armataur Fighter began the quest for the
                  | Orb.
     0 | D        | Reached XP level 1. HP: 19/19 MP: 1/1
     1 | D        | Found a blossoming altar of Fedhas.
     1 | D        | Found a stormy altar of Qazlal.
     2 | D        | Found a hide-covered altar of Uskayaw.
     3 | D        | Found a burning altar of Makhleb.
     3 | D        | Found an opulent altar of Gozag.
     4 | D        | Found a bloodstained altar of Trog.
     4 | D        | Found a corrupted altar of Lugonu.
     4 | D        | Found Foutto's Staff Store.
     4 | D        | Found Biegg's Magic Scroll Shop.
     5 | D        | Found Buplot's Must-Have Magic.
     5 | D        | Found Puar's Magic Scroll Shop.
     5 | D        | Round 1.
    17 | D        | Found an ornate altar of the Wu Jian Council.
    17 | D        | Found Teusurgh's Distillery.
    18 | D        | Found Beipn's Distillery.
    18 | D        | Found Dieneent's Bottled Wisdom.
    19 | D        | Found a shimmering altar of Xom.
    19 | D        | Found a glowing silver altar of Zin.
    19 | D        | Found Ufau's Do-It-Yourself Clinic.
    28 | D        | Became a worshipper of the Wu Jian Council
    33 | D        | Found a snail-covered altar of Cheibriados.
    38 | D        | Found a glowing golden altar of the Shining One.
    39 | D        | Found a radiant altar of Vehumet.
    39 | D        | Found a sacrificial altar of Ru.
    39 | D        | Found a basalt altar of Yredelemnul.
    39 | D        | Found Xonnof's Weapon Rack.
    39 | D        | Found Efuroluc's Premium Goods.
    41 | D        | Found Podeijei's Basic Armour.
    41 | D        | Found Sepor's Miscellaneous Merchandise.
    43 | D        | Found a shimmering blue altar of Sif Muna.
    44 | D        | Found an ancient bone altar of Kikubaaqudgha.
    45 | D        | Found a shadowy altar of Dithmenos.
    46 | D        | Found Goed's Identification Station.
    46 | D        | Noticed Sigmund
    47 | D        | Found Bushul's Advanced Armour.
    47 | D        | Found Aroecyonta's Jewellery.
    47 | D        | Found an iron altar of Okawaru.
    54 | D        | Killed from afar by Sigmund

Illustrated notes

Levels and vault maps discovered:
D:        arena_sprint

Action                     || total
---------------------------++-------
  Melee: War axe           ||     5
         Tailslap          ||     1
    Use: Potion            ||     1
 Armour: Scale mail        ||     1
  Dodge: Dodged            ||     2

Table legend: (Time is in decaauts)
 A = Elapsed time spent in this place.
 B = Non-inter-level travel time spent in this place.
 C = Inter-level travel time spent in this place.
 D = Time resting spent in this place.
 E = Time spent auto-exploring this place.
 F = Levels seen in this place.
 G = Mean time per level.
                   A        B        C        D        E       F      G
               +--------+--------+--------+--------+--------+-----+--------+
         Total |     55 |     55 |      0 |      0 |      0 |   1 |   55.0 |
       Dungeon |     55 |     55 |      0 |      0 |      0 |   1 |   55.0 |
               +--------+--------+--------+--------+--------+-----+--------+

Top non-repeatable levels by time:
       D: 55 daAuts
